[ AOE2 MATCH · #484530298 ]
UnrankedKhmer vs Lithuanians
Player's team · LOSS
[ REPLAY ANALYSIS · EXTRACTED FROM THE RECORDED GAME ]
Feudal
11:12
Castle
22:02
Imperial
36:34
| APM avg | 33.3 |
| APM peak | 87 |
| eAPM avg | 17.0 |
| Villagers / military | 100 / 34 |
Focus
⚔️ 19.4% · 🌾 80.6%
Battle Elephant ×12 · Knight ×7 · Spearman ×5 · Scout Cavalry ×5 · Monk ×3 · Trebuchet (Packed) ×2
Feudal
9:19
Castle
18:44
Imperial
35:51
| APM avg | 29.6 |
| APM peak | 83 |
| eAPM avg | 14.9 |
| Villagers / military | 101 / 71 |
Focus
⚔️ 24.8% · 🌾 75.2%
Spearman ×42 · Knight ×10 · Monk ×7 · Leitis ×7 · Trebuchet (Packed) ×4 · Militia ×1
Match map
Initial resources + every placement click. Lines = walls · curves = elevation contours. ◆ gold · ⬟ stone · ● berries · ✦ relic · ◌ wall gap
Your base· Open — unwalled flank
ChoRi-Wolo.gg's base· Open — unwalled flank
Smoothed initial terrain · ◌ = detected wall gap · hover for details
Inputs per minute
— 帝国老油条 - - ChoRi-Wolo.gg
Build order — 帝国老油条
First 150 of 239 actions detected
| 0:03 | Create | Villager (Male) |
| 0:03 | Create | Villager (Male) |
| 0:03 | Create | Villager (Male) |
| 0:06 | Build | House |
| 0:19 | Build | House |
| 0:23 | Create | Villager (Male) |
| 0:24 | Create | Villager (Male) |
| 1:37 | Create | Villager (Male) |
| 1:38 | Create | Villager (Male) |
| 2:07 | Create | Villager (Male) |
| 2:07 | Create | Villager (Male) |
| 2:33 | Create | Villager (Male) |
| 2:34 | Create | Villager (Male) |
| 2:55 | Create | Villager (Male) |
| 3:05 | Build | Lumber Camp |
| 3:11 | Create | Villager (Male) |
| 3:11 | Create | Villager (Male) |
| 3:46 | Build | House |
| 3:47 | Create | Villager (Male) |
| 3:48 | Create | Villager (Male) |
| 3:57 | Create | Villager (Male) |
| 3:57 | Create | Villager (Male) |
| 4:21 | Build | Mill |
| 4:35 | Create | Villager (Male) |
| 4:35 | Create | Villager (Male) |
| 4:58 | Create | Villager (Male) |
| 4:58 | Create | Villager (Male) |
| 5:00 | Research | Loom |
| 5:35 | Build | House |
| 5:35 | Create | Villager (Male) |
| 5:36 | Create | Villager (Male) |
| 5:56 | Create | Villager (Male) |
| 6:00 | Build | Palisade Wall |
| 6:39 | Create | Villager (Male) |
| 6:40 | Create | Villager (Male) |
| 6:40 | Create | Villager (Male) |
| 6:41 | Create | Villager (Male) |
| 6:41 | Create | Villager (Male) |
| 6:42 | Create | Villager (Male) |
| 7:02 | Create | Villager (Male) |
| 8:03 | Create | Villager (Male) |
| 8:35 | Build | Palisade Wall |
| 8:59 | Research | Feudal Age |
| 9:13 | Build | Barracks |
| 9:43 | Build | House |
| 9:51 | Build | Palisade Wall |
| 10:39 | Build | Farm |
| 11:00 | Build | Farm |
| 11:12 | Age | Feudal Age |
| 11:23 | Build | Stable |
| 11:31 | Create | Villager (Male) |
| 11:34 | Build | Farm |
| 11:54 | Build | Palisade Wall |
| 12:04 | Build | Palisade Wall |
| 12:27 | Create | Villager (Male) |
| 12:38 | Build | Farm |
| 12:42 | Create | Scout Cavalry |
| 12:42 | Create | Scout Cavalry |
| 12:42 | Create | Scout Cavalry |
| 12:45 | Create | Scout Cavalry |
| 13:11 | Build | Farm |
| 13:36 | Create | Scout Cavalry |
| 13:42 | Build | Farm |
| 14:10 | Create | Villager (Male) |
| 14:14 | Build | Farm |
| 14:22 | Create | Villager (Male) |
| 14:33 | Build | House |
| 14:34 | Build | House |
| 15:18 | Create | Villager (Male) |
| 15:18 | Create | Villager (Male) |
| 15:18 | Create | Villager (Male) |
| 15:24 | Build | Farm |
| 15:25 | Build | Farm |
| 15:33 | Build | Market |
| 15:39 | Build | Blacksmith |
| 15:44 | Create | Villager (Male) |
| 15:51 | Build | Mining Camp |
| 15:55 | Create | Villager (Male) |
| 16:40 | Create | Villager (Male) |
| 16:44 | Build | Farm |
| 16:50 | Build | House |
| 16:54 | Build | House |
| 17:57 | Create | Villager (Male) |
| 18:16 | Build | Lumber Camp |
| 18:27 | Build | Farm |
| 18:34 | Build | Farm |
| 18:35 | Build | Farm |
| 18:43 | Build | Farm |
| 18:54 | Create | Spearman |
| 18:55 | Create | Spearman |
| 19:02 | Build | House |
| 19:22 | Research | Castle Age |
| 19:22 | Research | Castle Age |
| 19:22 | Research | Castle Age |
| 19:38 | Build | Stable |
| 19:45 | Build | Farm |
| 20:16 | Research | Bloodlines |
| 20:16 | Research | Bloodlines |
| 21:49 | Research | Scale Barding Armor |
| 21:50 | Create | Villager (Male) |
| 21:56 | Create | Villager (Male) |
| 21:57 | Create | Villager (Male) |
| 22:02 | Age | Castle Age |
| 22:06 | Build | Town Center |
| 22:12 | Create | Battle Elephant |
| 22:12 | Create | Battle Elephant |
| 22:13 | Create | Battle Elephant |
| 23:02 | Create | Knight |
| 23:02 | Create | Knight |
| 23:03 | Create | Knight |
| 23:09 | Build | Monastery |
| 23:21 | Create | Villager (Male) |
| 23:34 | Build | Town Center |
| 23:38 | Create | Villager (Male) |
| 24:05 | Research | Double-Bit Axe |
| 24:05 | Research | Double-Bit Axe |
| 24:21 | Create | Monk |
| 24:33 | Create | Villager (Male) |
| 24:41 | Build | Farm |
| 25:06 | Create | Villager (Male) |
| 25:07 | Create | Villager (Male) |
| 25:07 | Create | Villager (Male) |
| 25:22 | Create | Monk |
| 25:31 | Create | Villager (Male) |
| 25:34 | Build | Farm |
| 25:53 | Create | Knight |
| 25:55 | Create | Knight |
| 26:07 | Create | Villager (Male) |
| 26:12 | Create | Villager (Male) |
| 26:17 | Create | Villager (Male) |
| 26:30 | Build | Farm |
| 26:33 | Research | Horse Collar |
| 26:55 | Create | Villager (Male) |
| 26:59 | Create | Knight |
| 27:07 | Build | Farm |
| 27:12 | Create | Villager (Male) |
| 27:12 | Create | Villager (Male) |
| 27:12 | Create | Villager (Male) |
| 28:17 | Create | Villager (Male) |
| 28:18 | Create | Villager (Male) |
| 28:18 | Create | Villager (Male) |
| 28:18 | Create | Villager (Male) |
| 28:19 | Create | Villager (Male) |
| 28:52 | Research | Pikeman (upgrade) |
| 29:04 | Create | Monk |
| 29:05 | Create | Villager (Male) |
| 29:06 | Create | Villager (Male) |
| 29:10 | Build | Farm |
| 29:11 | Build | Farm |
| 29:12 | Build | Farm |
Build order — ChoRi-Wolo.gg
First 150 of 271 actions detected
| 0:03 | Create | Villager (Male) |
| 0:03 | Create | Villager (Male) |
| 0:03 | Create | Villager (Male) |
| 0:04 | Create | Villager (Male) |
| 0:04 | Create | Villager (Male) |
| 0:04 | Create | Villager (Male) |
| 0:04 | Create | Villager (Male) |
| 0:06 | Build | House |
| 0:08 | Build | House |
| 1:28 | Create | Villager (Male) |
| 1:28 | Create | Villager (Male) |
| 1:49 | Build | Lumber Camp |
| 2:11 | Create | Villager (Male) |
| 2:11 | Create | Villager (Male) |
| 2:16 | Build | House |
| 2:32 | Create | Villager (Male) |
| 2:32 | Create | Villager (Male) |
| 3:47 | Create | Villager (Male) |
| 3:47 | Create | Villager (Male) |
| 3:48 | Create | Villager (Male) |
| 3:48 | Create | Villager (Male) |
| 4:33 | Build | Mill |
| 4:35 | Create | Villager (Male) |
| 4:36 | Create | Villager (Male) |
| 5:31 | Create | Villager (Male) |
| 5:48 | Build | Mill |
| 6:10 | Create | Villager (Male) |
| 6:13 | Research | Loom |
| 6:18 | Build | House |
| 6:57 | Research | Feudal Age |
| 8:02 | Create | Villager (Male) |
| 8:03 | Create | Villager (Male) |
| 8:13 | Build | House |
| 8:15 | Build | House |
| 8:23 | Create | Villager (Male) |
| 9:19 | Age | Feudal Age |
| 9:33 | Build | Farm |
| 9:36 | Build | Farm |
| 9:39 | Research | Double-Bit Axe |
| 10:04 | Build | Farm |
| 10:14 | Create | Villager (Male) |
| 11:10 | Create | Villager (Male) |
| 11:10 | Create | Villager (Male) |
| 11:15 | Build | Farm |
| 11:19 | Build | Farm |
| 11:26 | Build | Market |
| 11:32 | Create | Villager (Male) |
| 11:34 | Build | Farm |
| 11:45 | Build | Farm |
| 12:13 | Create | Villager (Male) |
| 12:29 | Create | Villager (Male) |
| 12:34 | Build | Farm |
| 12:45 | Research | Horse Collar |
| 12:58 | Build | Mining Camp |
| 13:40 | Build | Barracks |
| 13:55 | Create | Villager (Male) |
| 13:56 | Create | Villager (Male) |
| 14:25 | Build | Farm |
| 14:28 | Create | Spearman |
| 14:28 | Create | Spearman |
| 14:28 | Create | Spearman |
| 14:59 | Create | Spearman |
| 15:12 | Create | Spearman |
| 15:14 | Create | Villager (Male) |
| 15:21 | Build | Blacksmith |
| 15:23 | Create | Villager (Male) |
| 15:26 | Build | Farm |
| 15:37 | Create | Spearman |
| 15:46 | Build | Farm |
| 16:01 | Build | House |
| 16:04 | Research | Castle Age |
| 16:30 | Create | Villager (Male) |
| 16:42 | Create | Villager (Male) |
| 16:51 | Build | Mining Camp |
| 17:48 | Create | Spearman |
| 18:00 | Build | Stable |
| 18:01 | Build | House |
| 18:03 | Build | House |
| 18:18 | Build | Palisade Wall |
| 18:22 | Create | Villager (Male) |
| 18:39 | Research | Wheelbarrow |
| 18:44 | Age | Castle Age |
| 18:45 | Research | Wheelbarrow |
| 18:48 | Create | Villager (Male) |
| 18:49 | Create | Villager (Male) |
| 19:13 | Research | Bloodlines |
| 19:32 | Create | Knight |
| 19:33 | Create | Knight |
| 19:54 | Build | Town Center |
| 20:18 | Create | Villager (Male) |
| 20:30 | Create | Villager (Male) |
| 20:33 | Create | Knight |
| 20:34 | Create | Knight |
| 21:08 | Create | Villager (Male) |
| 21:19 | Create | Villager (Male) |
| 21:23 | Create | Knight |
| 21:24 | Create | Knight |
| 21:51 | Create | Villager (Male) |
| 21:52 | Create | Villager (Male) |
| 22:25 | Create | Knight |
| 22:25 | Create | Knight |
| 22:28 | Create | Villager (Male) |
| 23:02 | Research | Pikeman (upgrade) |
| 23:03 | Create | Spearman |
| 23:03 | Create | Spearman |
| 23:04 | Create | Spearman |
| 23:04 | Create | Spearman |
| 23:06 | Create | Villager (Male) |
| 23:06 | Create | Villager (Male) |
| 23:07 | Create | Villager (Male) |
| 23:16 | Build | House |
| 23:17 | Build | House |
| 23:19 | Build | House |
| 23:24 | Create | Villager (Male) |
| 23:26 | Create | Villager (Male) |
| 23:39 | Research | Scale Mail Armor |
| 23:40 | Research | Forging |
| 23:42 | Create | Villager (Male) |
| 23:48 | Create | Villager (Male) |
| 23:55 | Research | Squires |
| 24:01 | Build | Barracks |
| 24:05 | Build | Barracks |
| 24:07 | Create | Villager (Male) |
| 24:10 | Create | Villager (Male) |
| 24:36 | Build | Town Center |
| 24:48 | Create | Villager (Male) |
| 24:50 | Create | Villager (Male) |
| 24:51 | Create | Villager (Male) |
| 24:59 | Create | Knight |
| 25:00 | Create | Knight |
| 25:27 | Research | Heavy Plow |
| 25:41 | Create | Villager (Male) |
| 25:56 | Create | Villager (Male) |
| 26:09 | Build | Farm |
| 26:36 | Create | Villager (Male) |
| 26:38 | Create | Villager (Male) |
| 26:39 | Create | Villager (Male) |
| 27:04 | Create | Villager (Male) |
| 27:05 | Create | Villager (Male) |
| 27:06 | Create | Villager (Male) |
| 27:06 | Create | Villager (Male) |
| 27:29 | Create | Villager (Male) |
| 27:30 | Create | Villager (Male) |
| 27:30 | Create | Villager (Male) |
| 28:23 | Create | Villager (Male) |
| 28:23 | Create | Villager (Male) |
| 28:23 | Create | Villager (Male) |
| 29:02 | Create | Villager (Male) |
| 29:02 | Create | Villager (Male) |
| 29:02 | Create | Villager (Male) |
Match timeline
| 6:00 | 帝国老油条 · wall_segment Palisade Wall x1 |
| 8:35 | 帝国老油条 · wall_segment Palisade Wall x10 |
| 9:13 | 帝国老油条 · first_building Barracks |
| 9:19 | ChoRi-Wolo.gg · age_up feudal |
| 9:51 | 帝国老油条 · wall_segment Palisade Wall x13 |
| 11:12 | 帝国老油条 · age_up feudal |
| 11:23 | 帝国老油条 · first_building Stable |
| 11:54 | 帝国老油条 · wall_segment Palisade Wall x8 |
| 12:04 | 帝国老油条 · wall_segment Palisade Wall x9 |
| 13:40 | ChoRi-Wolo.gg · first_building Barracks |
| 18:00 | ChoRi-Wolo.gg · first_building Stable |
| 18:18 | ChoRi-Wolo.gg · wall_segment Palisade Wall x5 |
| 18:44 | ChoRi-Wolo.gg · age_up castle |
| 19:13 | 帝国老油条 · first_market_sell 100 wood |
| 19:15 | 帝国老油条 · first_market_buy 100 food |
| 19:30 | ChoRi-Wolo.gg · first_market_sell 100 wood |
| 22:02 | 帝国老油条 · age_up castle |
| 23:09 | 帝国老油条 · first_building Monastery |
| 26:49 | ChoRi-Wolo.gg · first_market_buy 100 stone |
| 29:44 | ChoRi-Wolo.gg · first_building Castle |
| 30:12 | 帝国老油条 · first_building Castle |
| 34:36 | 帝国老油条 · wall_segment Stone Wall x17 |
| 35:51 | ChoRi-Wolo.gg · age_up imperial |
| 36:25 | ChoRi-Wolo.gg · first_building Monastery |
| 36:34 | 帝国老油条 · age_up imperial |
| 38:43 | 帝国老油条 · resign |
[ AI ANALYSIS · 1 CREDIT ]
What really happened in this match?
Wolo.gg analyzes every decision: build order, eco, micro, common mistakes by bracket. Personalized analysis on WhatsApp or Discord in 30 seconds.
Civ guide
Khmer
Perfil
Jugador #11868711